 Dungeon Crawl Stone Soup version 0.31-a0-426-g3a05650e59 (webtiles) character file.

Game seed: 6171067123431845697

445 hashsling the Trooper (level 7, -2/46 HPs)
             Began as a Gargoyle Fighter on July 30, 2023.
             Slain by a gnoll
             ... wielding a +0 flail
              (4 damage)
             ... on level 3 of the Dungeon.
             The game lasted 00:06:01 (2628 turns).

hashsling the Trooper (Gargoyle Fighter)            Turns: 2628, Time: 00:06:01

Health: -2/46      AC: 11    Str: 22    XL:     7   Next: 3%
Magic:  7/7        EV:  9    Int:  8    God:
Gold:   182        SH:  4    Dex:  9    Spells: 6/6 levels left

rFire   . . .        a - +0 flail
rCold   . . .        c - +0 buckler
rNeg    + . .        b - +0 scale mail
rPois   ∞            (no helmet)
rElec   +            (no cloak)
rCorr   .            (no gloves)
SInv    .            (no boots)
Will    .....        (no amulet) Stlth
                     (no ring)
HPRegen 0.27/turn    (no ring)
MPRegen 0.10/turn

%: no passive effects
@: no status effects
A: sickness immunity, AC +4, negative energy resistance 1, electricity
resistance, torment resistance 1, petrification resistance
a: no special abilities


You were on level 3 of the Dungeon.
You visited 1 branch of the dungeon, and saw 3 of its levels.

You collected 182 gold pieces.

Inventory:

Hand Weapons
 a - a +0 flail (weapon)
 p - the +4 consecrated labrys {holy, Valiant Fragile Fly SInv}
   (You found it on level 2 of the Dungeon)

   Valiant:   It becomes more powerful as more dangerous foes come into view.
   SInv:      It lets you see invisible.
   Fly:       It grants you flight.
   Fragile:   It will be destroyed if unequipped.
Missiles
 j - 5 javelins (quivered)
Armour
 b - a +0 scale mail (worn)
 c - a +0 buckler (worn)
Scrolls
 f - 3 scrolls of identify {unknown}
 i - 2 scrolls of noise {unknown}
 k - 4 scrolls of revelation {unknown}
 n - a scroll of teleportation {unknown}
 q - 2 scrolls of vulnerability {unknown}
 s - a scroll of fear {unknown}
Potions
 d - a potion of might
 e - a potion of attraction {unknown}
 h - a potion of lignification {unknown}
 l - a potion of invisibility {unknown}
 m - 2 potions of brilliance {unknown}
 o - 2 potions of curing {unknown}
 r - 2 potions of cancellation {unknown}


   Skills:
 * Level 6.1 Fighting
 * Level 5.1 Maces & Flails
 - Level 4.0 Armour
 - Level 3.2 Shields


You had 6 spell levels left.
You didn't know any spells.
Your spell library contained the following spells:

 Spells                   Type           Power      Damage    Failure   Level
 Volatile Blastmotes      Fire/Tloc      0%         2d10      99%         3
 Fulminant Prism          Conj/Hex       0%         3d5       100%        4
 Iskenderun's Mystic Bla  Conj/Tloc      0%         2d3       100%        4


Dungeon Overview and Level Annotations

Branches:
Dungeon (3/15)

Altars:
Uskayaw


Innate Abilities, Weirdness & Mutations

You are immune to sickness and miasma.
Your stone body is resilient. (AC +4)
You are immune to poison.
You resist negative energy. (rN+)
You are resistant to electric shocks. (rElec)
You are resistant to unholy torment.
You are immune to petrification.


Message History

The gnoll is heavily wounded.
The gnoll hits you but does no damage.
A gnoll sergeant comes into view. It is wielding a +0 spear.
The orc hits you but does no damage. The gnoll hits you with a +0 flail!
* * * LOW HITPOINT WARNING * * *
The gnoll sergeant shouts!
You hit the gnoll but do no damage.
The gnoll is heavily wounded.
The gnoll hits you with a +0 flail.
* * * LOW HITPOINT WARNING * * *
The orc barely misses you.
You closely miss the gnoll.
The gnoll is heavily wounded.
The orc hits you but does no damage.
You hit the gnoll.
The gnoll is severely wounded.
You block the gnoll's attack. The orc barely misses you.
You closely miss the gnoll.
The gnoll is severely wounded.
The gnoll hits you with a +0 flail!
* * * LOW HITPOINT WARNING * * *
The orc barely misses you.
You feel much better. The gnoll hits you with a +0 flail.
The orc barely misses you.
You barely miss the gnoll.
The gnoll is severely wounded.
You block the gnoll's attack.
The gnoll sergeant hits you but does no damage.
The orc hits you but does no damage. x2; You block the gnoll's attack.
You block the gnoll sergeant's attack.
You closely miss the gnoll.
The gnoll is severely wounded.
The gnoll hits you with a +0 flail!
* * * LOW HITPOINT WARNING * * *
The gnoll sergeant hits you from afar with a +0 spear.
* * * LOW HITPOINT WARNING * * *
The orc closely misses you.
Okay, then.
The gnoll hits you with a +0 flail.
You die...

# ..... # .... # ##''##
# ##....# # '....+ #+#
#.g..#
..#############o'''#####
oo#.......).)..g).......
###~~~~~~~≈))≈~.@..~~≈~~
##
≈≈≈~≈≈~~≈≈≈≈≈≈~....~≈≈≈≈
≈≈
~~≈~~†)~≈~~~~)~....~~~~~
~≈
......†.................
..
################........
.. #.#.##...... .. #...#
..... .. #.#####...#####
#. ###.# #.... ..# ##


You could see a gnoll sergeant, a gnoll and an orc.

Vanquished Creatures
  An ogre (D:3)
  A howler monkey (D:3)
  2 hounds (D:3)
  2 orc priests (D:3)
  Jessica (D:2)
  Natasha (D:3)
  5 gnolls (D:3)
  2 worms
  A dart slug (D:1)
  15 orcs (D:3)
  3 ball pythons (D:1)
  3 endoplasms
  A giant cockroach (D:1)
  3 hobgoblins
  11 jackals (D:3)
  6 kobolds
  5 quokkas
  4 bats
  5 frilled lizards
  8 goblins
  2 rats
82 creatures vanquished.

Notes
Turn   | Place    | Note
-------+----------+-------------------------------------------
     0 | D:1      | hashsling the Gargoyle Fighter began the quest for the Orb.
     0 | D:1      | Reached XP level 1. HP: 14/14 MP: 1/1
    81 | D:1      | Reached XP level 2. HP: 19/19 MP: 2/2
  1081 | D:2      | Noticed Jessica
  1090 | D:2      | Killed Jessica
  1091 | D:2      | Reached skill level 4 in Fighting
  1091 | D:2      | Reached XP level 3. HP: 19/24 MP: 3/3
  1339 | D:2      | Found a hide-covered altar of Uskayaw.
  1398 | D:2      | Found the +4 consecrated labrys {holy, Valiant Fragile Fly
                  | SInv}
  1405 | D:2      | Reached XP level 4. HP: 29/29 MP: 4/4
  1591 | D:2      | Found a faded altar of an unknown god.
  1944 | D:3      | Noticed an ogre
  1953 | D:3      | Killed an ogre
  1954 | D:3      | Reached XP level 5. HP: 21/34 MP: 5/5
  2076 | D:3      | Noticed Natasha
  2085 | D:3      | Killed Natasha
  2086 | D:3      | Reached skill level 5 in Fighting
  2151 | D:3      | Reached XP level 6. HP: 22/40 MP: 6/6
  2590 | D:3      | Reached skill level 6 in Fighting
  2600 | D:3      | Reached skill level 5 in Maces & Flails
  2603 | D:3      | Reached XP level 7. HP: 13/46 MP: 7/7
  2624 | D:3      | HP: 1/46 [gnoll/+0 flail (8)]
  2628 | D:3      | Slain by a gnoll

Illustrated notes

Levels and vault maps discovered:
D:1:      heliophobic_arrival_enchanted_forest, layout_basic
D:2:      layout_basic, basic_altar, hellmonk_ecumenical_altar_leap_of_faith,
          chequers_avenue, minmay_pentomino_s4, uniq_jessica
D:3:      lemuel_castle_with_subvaults [lemuel_castle_interior_original],
          layout_rooms, mainiacjoe_overflow_six_doors_small, st_stairs_3,
          kennysheep_generic_room_6, uniq_natasha

Skill      XL: |  1  2  3  4  5  6 |
---------------+-------------------+-----
Fighting       | 4 5 6 |  6.1
Maces & Flails | 3 4 5 |  5.1
Armour         | 4 |  4.0
Shields        | |  3.2

Action                     |  1- 3 |  4- 6 |  7- 9 || total
---------------------------+-------+-------+-------++-------
  Melee: Flail             |    84 |   178 |    13 ||   275
    Use: Potion            |       |     3 |     1 ||     4
 Armour: Scale mail        |    46 |   197 |    12 ||   255
  Dodge: Dodged            |    36 |   179 |     7 ||   222
  Block: Buckler           |    19 |    69 |     5 ||    93

Table legend: (Time is in decaauts)
 A = Elapsed time spent in this place.
 B = Non-inter-level travel time spent in this place.
 C = Inter-level travel time spent in this place.
 D = Time resting spent in this place.
 E = Time spent auto-exploring this place.
 F = Levels seen in this place.
 G = Mean time per level.
                   A        B        C        D        E       F      G
               +--------+--------+--------+--------+--------+-----+--------+
         Total |   2703 |   2636 |     67 |      0 |   2064 |   3 |  901.0 |
       Dungeon |   2703 |   2636 |     67 |      0 |   2064 |   3 |  901.0 |
               +--------+--------+--------+--------+--------+-----+--------+

Top non-repeatable levels by time:
     D:1: 1047 daAuts
     D:2: 920 daAuts
     D:3: 735 daAuts
